 Dungeon Crawl Stone Soup version 0.30-a0-718-geaa24f58ff (webtiles) character file.

Game seed: 1854311174321301817

856 zazu2006 the Magician (level 8, 0/67 HPs)
             Began as a Naga Hedge Wizard on Jan 26, 2023.
             Slain by a black bear (1 damage)
             ... on level 6 of the Dungeon.
             The game lasted 00:10:36 (5752 turns).

zazu2006 the Magician (Naga Hedge Wizard)           Turns: 5752, Time: 00:10:36

Health: 0/67       AC:  5    Str: 13    XL:     8   Next: 2%
Magic:  4/15       EV: 10    Int: 22    God:
Gold:   221        SH:  0    Dex: 11    Spells: 9/17 levels left

rFire   . . .      SeeInvis +    t - +0 falchion
rCold   . . .      Faith    .    (no shield)
rNeg    . . .      Spirit   .    b - +0 robe
rPois   +          Reflect  .    c - +0 hat
rElec   .          Harm     .    k - +1 cloak
rCorr   .          Rampage  .    (no gloves)
Will    +....                    (no barding)
Stlth   +++                      (no amulet)
HPRegen 0.31/turn                e - +6 ring of intelligence
MPRegen 0.14/turn                (no ring)

@: on blink cooldown, very slightly contaminated, very slow
A: AC +2, large, see invisible, deformed body, poison resistance, slowness 2,
spit poison 1, naga tail 1
a: Spit Poison


You were on level 6 of the Dungeon.
You visited 1 branch of the dungeon, and saw 6 of its levels.

You collected 221 gold pieces.

Inventory:

Hand Weapons
 a - a +0 dagger
 t - a +0 falchion (weapon)
Missiles
 d - a throwing net
Armour
 b - a +0 robe (worn)
 c - a +0 hat (worn)
 k - a +1 cloak (worn)
Jewellery
 e - a +6 ring of intelligence (left hand)
Wands
 x - a wand of polymorph (9)
Scrolls
 f - 3 scrolls of teleportation
 h - 6 scrolls of identify
 i - a scroll of magic mapping {unknown}
 p - 2 scrolls of enchant armour {unknown}
 v - a scroll of fog {unknown}
 w - 2 scrolls of noise {unknown}
Potions
 g - 3 potions of heal wounds {unknown}
 j - 3 potions of haste {unknown}
 l - 2 potions of lignification {unknown}
 m - 2 potions of invisibility {unknown}
 n - 2 potions of might {unknown}
 o - 5 potions of curing {unknown}
 q - a potion of cancellation {unknown}
 r - a potion of degeneration {unknown}
 s - 2 potions of attraction {unknown}
 u - 2 potions of flight {unknown}


   Skills:
 + Level 1.9 Fighting
 + Level 1.9 Long Blades
 + Level 2.7 Dodging
 + Level 4.9 Stealth
 + Level 5.1 Spellcasting
 + Level 3.7 Conjurations
 + Level 0.1 Hexes
 + Level 1.0 Summonings
 + Level 1.1 Translocations
 + Level 0.1 Ice Magic
 + Level 1.0 Air Magic
 * Level 4.4 Poison Magic


You had 9 spell levels left.
You knew the following spells:

 Your Spells              Type           Power      Damage    Failure   Level
a - Magic Dart            Conj           88%        1d7       2%          1
b - Mephitic Cloud        Conj/Pois/Air  19%        N/A       9%          3
c - Ensorcelled Hibernat  Hex/Ice        12%        N/A       14%         2
d - Blink                 Tloc           20%        N/A       10%         2

Your spell library contained the following spells:

 Spells                   Type           Power      Damage    Failure   Level
 Searing Ray              Conj           44%        2d6       3%          2
 Foxfire                  Conj/Fire      52%        2x1d6     4%          1
 Cigotuvi's Dreadful Rot  Necr/Pois/Air  26%        N/A       7%          2
 Necrotise                Necr           20%        1d5       10%         1
 Slow                     Hex            24%        N/A       10%         1
 Call Imp                 Summ           10%        N/A       10%         2
 Lesser Beckoning         Tloc           20%        N/A       10%         2
 Spider Form              Tmut/Pois      15%        N/A       12%         3
 Ignite Poison            Fire/Tmut/Pois 12%        N/A       16%         3
 Gell's Gravitas          Tloc           10%        N/A       19%         3
 Teleport Other           Tloc           10%        N/A       19%         3
 Vhi's Electric Charge    Tloc/Air       20%        N/A       19%         3
 Vampiric Draining        Necr           5%         2d6       30%         3
 Fulminant Prism          Conj/Hex       7%         3d6       41%         4
 Sticky Flame             Conj/Fire      13%        2d4       43%         4
 Anguish                  Hex/Necr       3%         N/A       67%         4
 Arcjolt                  Conj/Air       8%         1d18      71%         5
 Fireball                 Conj/Fire      6%         3d5       78%         5
 Agony                    Necr           5%         N/A       95%         5
 Starburst                Conj/Fire      6%         6d4       100%        6
 Ignition                 Fire           2%         3d3       100%        8
 Maxwell's Capacitive Co  Air            5%         โˆž       100%        8


Dungeon Overview and Level Annotations

Branches:
Dungeon (6/15)
 Temple: D:4-7

Altars:
Fedhas
Gozag
Sif Muna

Annotations:
D:5 Menkaure


Innate Abilities, Weirdness & Mutations

Your serpentine skin is tough. (AC +2)
You have supernaturally acute eyesight. (SInv)
Armour fits poorly on your strangely shaped body.
Your system is resistant to poisons. (rPois)
You cover ground very slowly.
You can spit poison.
You have a snake-like lower body.


Message History

The bullfrog appears confused.
The bullfrog hits the black bear.
The black bear is engulfed in noxious fumes.
The black bear attacks as you move away!
The black bear bites you.
* * * LOW HITPOINT WARNING * * *
The black bear claws you.
* * * LOW HITPOINT WARNING * * *
The black bear claws you but does no damage.
The bullfrog is engulfed in noxious fumes.
The bullfrog appears confused.
The bullfrog is engulfed in noxious fumes.
The bullfrog appears confused.
Casting: Mephitic Cloud (dangerous; 9% risk of failure)
Confirm with . or Enter, or press ? or * to list all spells.
Aiming: Mephitic Cloud (dangerous; 9% risk of failure)
Press: ? - help, Shift-Dir - straight line, f/p - bullfrog
Aim: a bullfrog (severely wounded, confused, chance to affect: 81%)
Okay, then.
Casting: Mephitic Cloud (dangerous; 9% risk of failure)
Confirm with . or Enter, or press ? or * to list all spells.
You blink.
The bullfrog hits itself!
The bullfrog is killed!
You have reached level 8!
You feel stronger.
Casting: Blink (safe; 10% risk of failure)
Confirm with . or Enter, or press ? or * to list all spells.
Aiming: Mephitic Cloud (dangerous; 9% risk of failure)
Press: ? - help, Shift-Dir - straight line, f - black bear
Aim: a black bear (moderately wounded, chance to affect: 72%)
The ball explodes into a vile cloud!
The stinking cloud engulfs the black bear but does no damage.
The black bear is moderately wounded.
The black bear is engulfed in noxious fumes.
The black bear appears confused.
Unknown command.
The black bear is engulfed in noxious fumes.
The black bear appears confused.
The black bear bites you.
* * * LOW HITPOINT WARNING * * *
The black bear claws you.
You die...

## ...###
......###### #....@.#
..........##....#h#
..........###.#.#โ—‹#
..........# #.#.#โ—‹#
..........# #.#.#ยง#
..........###.#.#.#
.....[..........#.#
................#.#
................#.#


You could see a black bear (confused).

Vanquished Creatures
  A water moccasin (D:6)
  A black bear (D:4)
  A centaur (D:6)
  A bullfrog (D:6)
  A scorpion (D:3)
  A howler monkey (D:4)
  A jelly (D:6)
  A gnoll bouda (D:6)
  A hound (D:5)
  3 iguanas
  2 orc wizards
  8 gnolls
  6 adders
  2 ufetubi
  A worm (D:3)
  5 orcs
  5 ball pythons
  4 endoplasms
  A giant cockroach (D:3)
  5 goblins
  6 hobgoblins
  9 jackals
  4 quokkas
  6 bats
  3 frilled lizards
  4 rats (D:2)
  A bush (D:4)
84 creatures vanquished.

Vanquished Creatures (others)
  10 plants (D:4)
10 creatures vanquished.

Grand Total: 94 creatures vanquished

Notes
Turn   | Place    | Note
-------+----------+-------------------------------------------
     0 | D:1      | zazu2006 the Naga Hedge Wizard began the quest for the Orb.
     0 | D:1      | Reached XP level 1. HP: 15/15 MP: 4/4
   949 | D:2      | Found a faded altar of an unknown god.
   960 | D:2      | Reached XP level 2. HP: 22/22 MP: 1/6
  1299 | D:2      | Reached XP level 3. HP: 28/28 MP: 6/8
  1303 | D:2      | Learned a level 3 spell: Mephitic Cloud
  1306 | D:2      | Learned a level 2 spell: Blink
  1352 | D:2      | Identified the +0 robe "Fypnicov" {Dex+2}
  2020 | D:2      | Identified the +1 chain mail of the Sun {Rampage Dex+3}
  2272 | D:3      | Reached skill level 4 in Spellcasting
  2272 | D:3      | Reached XP level 4. HP: 35/36 MP: 0/10
  2422 | D:3      | Noticed a scorpion
  2439 | D:3      | Killed a scorpion
  2440 | D:3      | Reached skill level 1 in Poison Magic
  2440 | D:3      | Reached XP level 5. HP: 24/42 MP: 1/11
  3403 | D:4      | Noticed a black bear
  3660 | D:4      | Found a shimmering blue altar of Sif Muna.
  3660 | D:4      | Found an opulent altar of Gozag.
  3695 | D:4      | Reached XP level 6. HP: 45/50 MP: 7/12
  3837 | D:4      | Reached skill level 1 in Fighting
  4199 | D:4      | Killed a black bear
  4336 | D:4      | Found a blossoming altar of Fedhas.
  4554 | D:4      | Reached skill level 1 in Long Blades
  4554 | D:4      | Reached XP level 7. HP: 57/57 MP: 9/14
  5022 | D:5      | Entered Level 5 of the Dungeon
  5148 | D:5      | Noticed Menkaure
  5410 | D:6      | Learned a level 2 spell: Ensorcelled Hibernation
  5425 | D:6      | Reached skill level 5 in Spellcasting
  5425 | D:6      | Reached skill level 1 in Air Magic
  5749 | D:6      | HP: 1/58 [black bear (3)]
  5751 | D:6      | Reached XP level 8. HP: 2/67 MP: 6/15
  5752 | D:6      | Slain by a black bear

Illustrated notes

Levels and vault maps discovered:
D:1:      wander_arrival_peaceful_grave, layout_basic
D:2:      layout_loops_ring, dreamdust_ecumenical_altar_statues,
          minmay_close_crescents
D:3:      layout_basic, grunt_ministairs_9, dk_noncrumbling_4
D:4:      layout_layer_cave, kennysheep_little_box,
          mainiacjoe_overflow_divided_tiny, serial_forest,
          infiniplex_forest_clump_small, infiniplex_forest_clump_tiny,
          infiniplex_forest_corner_1, infiniplex_forest_diagonal,
          infiniplex_forest_clump_long, infiniplex_forest_lined_2,
          infiniplex_forest_lined_3_way, minmay_fractal_squares_diagonal_5
D:5:      layout_basic, kennysheep_opposing_triangles, uniq_crazy_yiuf_cottage,
          uniq_menkaure
D:6:      layout_basic, minmay_between, uniq_duvessa

Skill      XL: |  1  2  3  4  5  6  7 |
---------------+----------------------+-----
Spellcasting   | 4 5 |  5.1
Conjurations   | 2 3 |  3.7
Poison Magic   | 1 2 3 4 |  4.4
Dodging        | 2 |  2.7
Fighting       | 1 |  1.9
Stealth        | 4 |  4.9
Long Blades    | 1 |  1.9
Air Magic      | 1 |  1.0
Hexes          | |  0.1
Summonings     | |  1.0
Translocations | |  1.1
Ice Magic      | |  0.1

Action                     |  1- 3 |  4- 6 |  7- 9 || total
---------------------------+-------+-------+-------++-------
  Melee: Dagger            |    10 |     9 |       ||    19
         Falchion          |       |    32 |   228 ||   260
         Punch             |       |     1 |     7 ||     8
   Cast: Magic Dart        |    91 |    65 |    31 ||   187
         Mephitic Cloud    |       |     9 |     6 ||    15
         Ensorcelled Hiber |       |       |     4 ||     4
         Blink             |       |       |     1 ||     1
Ability: Spit Poison       |    15 |    19 |     3 ||    37
    Use: Scroll            |       |     3 |       ||     3
         Potion            |       |     1 |       ||     1
   Stab: Confused          |       |     2 |     2 ||     4
         Sleeping          |       |       |     1 ||     1
 Armour: Robe              |    19 |    32 |    29 ||    80
  Dodge: Dodged            |    20 |    70 |    51 ||   141

Table legend: (Time is in decaauts)
 A = Elapsed time spent in this place.
 B = Non-inter-level travel time spent in this place.
 C = Inter-level travel time spent in this place.
 D = Time resting spent in this place.
 E = Time spent auto-exploring this place.
 F = Levels seen in this place.
 G = Mean time per level.
                   A        B        C        D        E       F      G
               +--------+--------+--------+--------+--------+-----+--------+
         Total |   7072 |   6750 |    322 |    361 |   5367 |   6 | 1178.7 |
       Dungeon |   7072 |   6750 |    322 |    361 |   5367 |   6 | 1178.7 |
               +--------+--------+--------+--------+--------+-----+--------+

Top non-repeatable levels by time:
     D:4: 2189 daAuts
     D:3: 1473 daAuts
     D:2: 1442 daAuts
     D:1: 1107 daAuts
     D:6: 681 daAuts
     D:5: 178 daAuts
